 Dungeon Crawl Stone Soup version 0.27.0-1-g7a089689b8 (webtiles) character file.

Game seed: 12031309462329446639

3616 Skiberibeda the Geomancer (level 10, -6/59 HPs)
             Began as a Gargoyle Earth Elementalist on Aug 7, 2021.
             Killed from afar by Erica (27 damage)
             ... with a lance of force
             ... on level 8 of the Dungeon.
             The game lasted 00:31:04 (12712 turns).

Skiberibeda the Geomancer (GrEE)                   Turns: 12712, Time: 00:31:04

Health: -6/59      AC: 10    Str: 12    XL:     10   Next: 11%
Magic:  13/18      EV: 12    Int: 19    God:
Gold:   430        SH:  0    Dex: 10    Spells: 16/20 levels left

rFire    . . .     SeeInvis .   t - staff of conjuration
rCold    + . .     Faith    .   (no shield)
rNeg     + . .     Spirit   .   b - +0 robe
rPois    ∞         Reflect  .   (no helmet)
rElec    +         Harm     .   v - +0 cloak
rCorr    .         Rampage  .   (no gloves)
Will     .....                  (no boots)
Stlth    +.........             o - amulet of magic regeneration
HPRegen  0.19/turn              i - ring of protection from cold
MPRegen  0.41/turn              s - ring of wizardry

@: confused
A: sickness immunity, AC +7, negative energy resistance 1, electricity
resistance, torment resistance 1, petrification resistance
a: no special abilities


You were on level 8 of the Dungeon.
You visited 2 branches of the dungeon, and saw 9 of its levels.

You collected 430 gold pieces.

Inventory:

Missiles
 c - 67 stones
Armour
 b - a +0 robe (worn)
 v - a +0 cloak (worn)
Magical Staves
 t - a staff of conjuration (weapon)
Jewellery
 i - a ring of protection from cold (left hand)
 j - a ring of resist corrosion
 o - an amulet of magic regeneration (around neck)
 s - a ring of wizardry (right hand)
Wands
 n - a wand of mindburst (8)
Scrolls
 a - a scroll of magic mapping
 e - a scroll of noise {unknown}
 k - 2 scrolls of amnesia
 m - 2 scrolls of summoning {unknown}
 p - 2 scrolls of vulnerability {unknown}
 r - 4 scrolls of enchant weapon
Potions
 g - a potion of ambrosia {unknown}
 h - a potion of might {unknown}
 l - a potion of degeneration {unknown}
 u - a potion of brilliance {unknown}
 w - 2 potions of mutation {unknown}
 x - a potion of lignification {unknown}


   Skills:
 + Level 5.0 Fighting
 - Level 1.6(2.9) Maces & Flails
 + Level 3.8(4.0) Staves
 + Level 4.7 Armour
 + Level 4.0 Dodging
 - Level 2.1 Stealth
 + Level 5.8 Spellcasting
 - Level 5.2 Conjurations
 - Level 0.7 Transmutations
 + Level 8.3 Earth Magic
 + Level 3.4 Evocations


You had 16 spell levels left.
You knew the following spells:

 Your Spells              Type           Power      Damage    Failure   Level
a - Sandblast             Erth           74%        2d16      1%          1
b - Stone Arrow           Conj/Erth      92%        3d12      1%          3

Your spell library contained the following spells:

 Spells                   Type           Power      Damage    Failure   Level
 Passwall                 Tmut/Erth      18%        N/A       1%          2
 Petrify                  Tmut/Erth      22%        N/A       8%          4
 Dispersal                Tloc           2%         N/A       99%         6
 Disjunction              Tloc           2%         N/A       100%        8


Dungeon Overview and Level Annotations

Branches:
Dungeon (8/15)             Temple (1/1) D:6
   Lair: D:8-11

Altars:
Elyvilon
Fedhas
Gozag
Makhleb
Nemelex Xobeh
Okawaru
Sif Muna
Trog
Uskayaw
Xom
Yredelemnul
Zin
The Shining One

Shops:
D:8 (

Annotations:
D:3 1 runed translucent door, Acheron's ghost, amateur GrVM
D:8 Erica; Harold


Innate Abilities, Weirdness & Mutations

You are immune to sickness and miasma.
Your stone body is resilient. (AC +7)
You are immune to poison.
You resist negative energy. (rN+)
You are resistant to electric shocks. (rElec)
You are resistant to unholy torment.
You are immune to petrification.


Message History

Press: ? - help, Shift-Dir - straight line, f - kobold brigand
Aim: a kobold brigand, wielding a +0 dagger and quivering poisoned darts (70% to hit)
You feel a surge of power!
The stone arrow misses the kobold brigand.
The kobold brigand throws a poisoned dart.
The poisoned dart misses you.
Casting: Stone Arrow (safe; 1% risk of failure)
Confirm with . or Enter, or press ? or * to list all spells.
Aiming: Stone Arrow (safe; 1% risk of failure)
Press: ? - help, Shift-Dir - straight line, f/p - kobold brigand
Aim: a kobold brigand, wielding a +0 dagger and quivering poisoned darts (70% to hit)
You feel a surge of power!
The stone arrow hits the kobold brigand!!
The kobold brigand is almost dead.
You hear a shout!
Casting: Stone Arrow (safe; 1% risk of failure)
Confirm with . or Enter, or press ? or * to list all spells.
Aiming: Sandblast (safe; 1% risk of failure)
Press: ? - help, Shift-Dir - straight line, f/p - kobold brigand
Aim: a kobold brigand, wielding a +0 dagger and quivering poisoned darts (almost dead, 77% to hit)
The blast of sand hits the kobold brigand!
You kill the kobold brigand!
Your Fighting skill increases to level 5!
Casting: Sandblast (safe; 1% risk of failure)
Confirm with . or Enter, or press ? or * to list all spells.
Aiming: Stone Arrow (safe; 1% risk of failure)
Press: ? - help, Shift-Dir - straight line, f - kobold
Aim: a kobold, wielding a +0 dagger and quivering stones (70% to hit)
You feel a surge of power!
The stone arrow hits the kobold!!
You kill the kobold!
Erica gestures wildly while chanting.
Erica flickers and vanishes!
You are confused.
You bump into the rock wall.
You bump into the rock wall.
You bump into the rock wall.
You hear some strange, mumbled words.
A lance of force appears from out of thin air!
The lance of force hits you!!
You die...

#######.#
#.# #.#
#.# #.#
#{# #.#
#.# #@#
#.# #.#
#.# #..
###


There were no monsters in sight!

Vanquished Creatures
  A deep elf pyromancer (D:7)
  Grinder (D:5)
  Eustachio (D:5)
  2 water moccasins
  An orc warrior (D:6)
  A black bear (D:6)
  2 ogres (D:4)
  2 centaurs (D:7)
  A phantom (D:5)
  3 kobold brigands
  2 gnoll sergeants
  A water moccasin zombie (D:7)
  2 scorpions
  2 wyvern zombies
  A wyvern skeleton (D:7)
  A water moccasin skeleton (D:6)
  6 killer bees (D:7)
  A howler monkey (D:5)
  5 hounds
  2 bullfrog skeletons
  Crazy Yiuf (D:5)
  2 orc priests
  3 iguanas
  9 orc wizards
  A killer bee zombie (D:7)
  6 adders
  20 gnolls
  A howler monkey skeleton (D:5)
  A shadow imp (D:7)
  A white imp (D:7)
  2 ufetubi
  3 worms (D:3)
  A dart slug (D:5)
  36 orcs
  A bat (D:3)
  6 endoplasms
  2 giant cockroaches
  9 goblins
  12 hobgoblins
  11 jackals (D:5)
  4 quokkas
  8 ball pythons
  6 frilled lizards
  8 kobolds
  3 rats (D:1)
195 creatures vanquished.

Vanquished Creatures (others)
  A fungus (D:5)
  4 plants (D:5)
5 creatures vanquished.

Grand Total: 200 creatures vanquished

Notes
Turn   | Place    | Note
-------+----------+-------------------------------------------
     0 | D:1      | Skiberibeda the Gargoyle Earth Elementalist began the quest
                  | for the Orb.
     0 | D:1      | Reached XP level 1. HP: 10/10 MP: 3/3
   330 | D:1      | Reached skill level 4 in Earth Magic
   458 | D:1      | Found a faded altar of an unknown god.
   465 | D:1      | Reached XP level 2. HP: 10/15 MP: 5/5
  1676 | D:2      | Reached XP level 3. HP: 10/19 MP: 4/6
  1835 | D:2      | Found an opulent altar of Gozag.
  2679 | D:2      | Reached skill level 5 in Earth Magic
  2749 | D:2      | Learned a level 3 spell: Stone Arrow
  3289 | D:3      | Found a glowing silver altar of Zin.
  3294 | D:3      | Reached XP level 4. HP: 24/24 MP: 7/7
  3700 | D:3      | Reached skill level 1 in Conjurations
  4342 | D:3      | Found a runed translucent door.
  4345 | D:3      | Noticed Acheron's ghost (amateur GrVM)
  4615 | D:4      | Reached XP level 5. HP: 18/28 MP: 9/9
  5112 | D:4      | Noticed an ogre
  5563 | D:4      | Found a hide-covered altar of Uskayaw.
  5630 | D:4      | Noticed an ogre
  5638 | D:4      | Killed an ogre
  5639 | D:4      | Reached XP level 6. HP: 32/32 MP: 6/11
  5771 | D:4      | Reached skill level 6 in Earth Magic
  6012 | D:5      | Entered Level 5 of the Dungeon
  6466 | D:5      | Reached XP level 7. HP: 36/36 MP: 10/12
  6633 | D:5      | Found a runed translucent door.
  6634 | D:5      | Noticed Crazy Yiuf
  6845 | D:4      | Reached skill level 1 in Fighting
  6845 | D:4      | Reached skill level 1 in Armour
  7018 | D:5      | Reached skill level 1 in Maces & Flails
  7314 | D:5      | Noticed Grinder
  7585 | D:5      | Reached XP level 8. HP: 28/44 MP: 0/14
  7847 | D:5      | Killed Grinder
  7848 | D:5      | Reached skill level 5 in Conjurations
  8043 | D:5      | Reached skill level 1 in Staves
  8043 | D:5      | Reached skill level 1 in Evocations
  8270 | D:5      | Reached skill level 7 in Earth Magic
  8594 | D:5      | Noticed Eustachio
  8601 | D:5      | Killed Eustachio
  9375 | D:5      | Killed Crazy Yiuf
  9445 | D:6      | Found a staircase to the Ecumenical Temple.
  9454 | Temple   | Entered the Ecumenical Temple
  9465 | Temple   | Reached XP level 9. HP: 41/51 MP: 14/16
 10281 | D:6      | Reached skill level 5 in Spellcasting
 10937 | D:6      | Found a shimmering blue altar of Sif Muna.
 12022 | D:7      | Noticed a deep elf pyromancer
 12027 | D:7      | Killed a deep elf pyromancer
 12028 | D:7      | Reached skill level 8 in Earth Magic
 12028 | D:7      | Reached XP level 10. HP: 56/58 MP: 10/18
 12635 | D:8      | Found Veqimmap's Weapon Boutique.
 12636 | D:8      | Noticed Harold
 12647 | D:8      | Noticed Erica
 12698 | D:8      | Reached skill level 5 in Fighting
 12712 | D:8      | Killed from afar by Erica

Illustrated notes

Levels and vault maps discovered:
D:1:      scummos_arrival_gate, layout_basic,
          shapermc_ecumenical_altar_mp_highgroup, minmay_statues_item
D:2:      layout_loops_ring, basic_altar, minivault_19, minmay_curled_crystal,
          kennysheep_nondescript, st_stairs_14, kennysheep_generic_room_2
D:3:      layout_loops_ring, mainiacjoe_overflow_six_doors_small,
          ebering_ghost_sewer_d
D:4:      layout_rooms, mainiacjoe_overflow_boulevard, minmay_tree_intersection
D:5:      lemuel_castle_with_subvaults [lemuel_castle_interior_original],
          layout_loops_ring, minmay_misc_feat_doors, uniq_grinder,
          uniq_crazy_yiuf_cottage, uniq_eustachio
D:6:      layout_gridville, kennysheep_orc_sif_temple,
          minmay_temple_entry_junction_2
D:7:      layout_gridville, kennysheep_generic_room_10
D:8:      layout_rooms, mainiacjoe_overflow_alcove_2, nicolae_ru_path_of_blood,
          tgw_kikubaaqudgha, lair_entry_dummy, serial_co_window_serial,
          co_window_paths_a, co_window_paths_a, co_window_of_opportunity_a,
          co_window_corner_a, co_window_of_opportunity_a,
          co_window_of_opportunity_a, co_window_paths_a, co_window_corner_cb,
          co_window_unsneaky_path_c, co_window_broadway_b, co_window_corner_cb,
          serial_shops, shop_fountains, nicolae_shop_behind_doors,
          nicolae_shop_window_shopping, uniq_erica, uniq_harold
Temple:   nicolae_temple_figure_zero

Skill      XL: |  1  2  3  4  5  6  7  8  9 10 |
---------------+-------------------------------+-----
Earth Magic    | 4 5 6 7 8 |  8.3
Conjurations   | 2 3 4 5 |  5.2
Spellcasting   | 3 4 5 |  5.8
Fighting       | 1 3 4 5 |  5.0
Armour         | 1 3 4 |  4.7
Maces & Flails | 1 |  1.6
Dodging        | 2 3 4 |  4.0
Staves         | 2 3 |  3.8
Evocations     | 1 3 |  3.4
Stealth        | |  2.1
Transmutations | |  0.7

Action                   |  1- 3 |  4- 6 |  7- 9 | 10-12 || total
-------------------------+-------+-------+-------+-------++-------
Melee: Unarmed           |    16 |       |       |       ||    16
       Dagger            |   112 |   202 |       |       ||   314
       Flail             |       |       |    46 |       ||    46
       Staff             |       |       |   213 |     4 ||   217
 Cast: Sandblast         |    21 |    42 |    90 |     6 ||   159
       Stone Arrow       |       |       |    58 |    19 ||    77
  Use: Scroll            |       |       |     5 |     4 ||     9
       Potion            |       |       |       |     2 ||     2
 Stab: Sleeping          |     3 |     4 |       |       ||     7
Armor: Robe              |    44 |    73 |   157 |     5 ||   279
Dodge: Dodged            |    83 |   150 |   266 |    15 ||   514
